 Dungeon Crawl Stone Soup version 0.28.0 (webtiles) character file.

Game seed: 3229354850757805028

590 Strat the Cleaver (level 7, 0/59 HPs)
             Began as a Hill Orc Warper on Feb 11, 2022.
             Slain by a vampire (9 damage)
             ... on level 5 of the Dungeon.
             The game lasted 00:11:14 (6368 turns).

Strat the Cleaver (Hill Orc Warper)                 Turns: 6368, Time: 00:11:15

Health: 0/59       AC:  8    Str: 16    XL:     7   Next: 38%
Magic:  9/9        EV:  9    Int: 13    God:
Gold:   203        SH:  0    Dex: 10    Spells: 9/9 levels left

rFire   . . .      SeeInvis .   b - +0 hunting sling
rCold   + . .      Faith    .   (no shield)
rNeg    . . .      Spirit   .   m - +0 scale mail
rPois   .          Reflect  .   (no helmet)
rElec   .          Harm     .   i - +0 cloak
rCorr   .          Rampage  .   (no gloves)
Will    .....                   (no boots)
Stlth   ..........              (no amulet)
HPRegen 0.19/turn               o - ring of protection from cold
MPRegen 0.11/turn               (no ring)

@: no status effects
A: no striking features
a: no special abilities


You were on level 5 of the Dungeon.
You visited 1 branch of the dungeon, and saw 5 of its levels.
You also visited: Sewer.

You collected 203 gold pieces.

Inventory:

Hand Weapons
 a - a +0 hand axe
 b - a +0 hunting sling (weapon)
Missiles
 d - 5 boomerangs of dispersal
 e - 141 stones (quivered ammo)
 n - 24 sling bullets
Armour
 f - a +0 chain mail
 i - a +0 cloak (worn)
 k - a +0 leather armour
 m - a +0 scale mail (worn)
 s - a +0 kite shield
Jewellery
 o - a ring of protection from cold (left hand)
Scrolls
 j - a scroll of identify
Potions
 g - a potion of mutation
 h - a potion of attraction
 l - a potion of curing
 p - a potion of brilliance {unknown}
 q - 2 potions of flight


   Skills:
 - Level 4.0 Fighting
 + Level 8.1 Axes
 - Level 0.8 Throwing
 + Level 4.5 Armour
 - Level 1.5 Dodging
 - Level 1.5 Spellcasting
 - Level 2.4 Translocations


You had 9 spell levels left.
You didn't know any spells.
Your spell library contained the following spells:

 Spells                   Type           Power      Damage    Failure   Level
 Blink                    Tloc           14%        N/A       45%         2
 Summon Small Mammal      Summ           4%         N/A       65%         1
 Gell's Gravitas          Tloc           7%         N/A       69%         3
 Lesser Beckoning         Tloc           7%         N/A       69%         3
 Teleport Other           Tloc           7%         N/A       69%         3
 Call Canine Familiar     Summ           1%         N/A       95%         3
 Conjure Flame            Conj/Fire      1%         6-21      95%         3
 Ignite Poison            Fire/Tmut/Pois 1%         N/A       95%         3
 Summon Guardian Golem    Hex/Summ       1%         N/A       95%         3
 Sticky Flame             Conj/Fire      1%         2d3       100%        4
 Manifold Assault         Tloc           7%         N/A       100%        5


Dungeon Overview and Level Annotations

Branches:
Dungeon (5/15)              Sewer (visited)
 Temple: D:4-7

Altars:


Message History

You now have 188 gold pieces (gained 8).
Found 15 gold pieces.
Found a stone staircase leading down.
e - 141 stones (gained 23)
You now have 203 gold pieces (gained 15).
There is a stone staircase leading down here.
p - a yellow potion Done exploring.
Done exploring.
There is a stone staircase leading down, spattered with blood here.
You climb downwards.
The orc hits you but does no damage.
There is a stone staircase leading up here.
The ogre hits you with a +0 giant club!!
* * * LOW HITPOINT WARNING * * *
The orc hits you but does no damage.
A white imp and a bullfrog skeleton come into view.
The white imp shouts!
A vampire comes into view.
Blink to where?
Press: ? - help, Dir - move target
As you read the scroll of blinking, it crumbles to dust.
There is a stone staircase leading up here.
The ogre hits you with a +0 giant club.
* * * LOW HITPOINT WARNING * * *
You climb upwards.
There is a stone staircase leading down, spattered with blood here.
You feel much better.
The ogre hits you with a +0 giant club!!
* * * LOW HITPOINT WARNING * * *
There is a stone staircase leading up here.
The ogre hits you with a +0 giant club!!
* * * LOW HITPOINT WARNING * * *
There is a stone staircase leading down here.
You climb downwards.
The white imp shouts!
The vampire barely misses you. The vampire bites you.
* * * LOW HITPOINT WARNING * * *
The vampire draws strength from your injuries!
The vampire hits you!
You die...

#. #. .#
####.#### ..
........# .#
##......# .#
#......5## .#
....5..V.######
.# ...
..W....@......#
.# .Z#
.........####.#
.# ...
........## .#
#.# ........#
.#
#.#.......#.#
.#
#.#.......#.#
<#
#............
.#####ยง#
##.####..
.o.o..##


You could see a vampire, a wraith and 2 white imps.

Vanquished Creatures
  An ogre (D:4)
  A phantom (D:4)
  2 kobold brigands (Sewer)
  A hound (D:5)
  An orc wizard (D:3)
  8 gnolls
  3 adders
  2 river rats (Sewer)
  An ufetubus (D:3)
  An adder skeleton (D:4)
  2 worms
  3 dart slugs
  6 orcs
  2 bats (D:3)
  11 endoplasms
  5 giant cockroaches
  11 goblins
  7 hobgoblins
  3 quokkas
  7 ball pythons
  3 frilled lizards
  7 kobolds
  7 rats
95 creatures vanquished.

Notes
Turn   | Place    | Note
-------+----------+-------------------------------------------
     0 | D:1      | Strat the Hill Orc Warper began the quest for the Orb.
     0 | D:1      | Reached XP level 1. HP: 18/18 MP: 3/3
   103 | D:1      | Reached skill level 3 in Axes
   374 | D:1      | Reached XP level 2. HP: 16/25 MP: 4/4
  1178 | D:2      | Reached skill level 4 in Axes
  1338 | D:1      | Reached XP level 3. HP: 26/31 MP: 5/5
  1645 | D:1      | Found a faded altar of an unknown god.
  2535 | D:2      | Reached XP level 4. HP: 38/38 MP: 6/6
  2566 | D:2      | Reached skill level 5 in Axes
  3525 | D:3      | Reached XP level 5. HP: 30/46 MP: 7/7
  3810 | D:3      | Reached skill level 6 in Axes
  4769 | D:4      | Noticed a necrophage
  4885 | D:4      | Noticed an ogre
  4976 | D:4      | Noticed a phantom
  5072 | D:5      | Entered Level 5 of the Dungeon
  5072 | D:5      | Found a glowing drain.
  5082 | D:5      | Reached XP level 6. HP: 45/52 MP: 8/8
  5120 | Sewer    | Entered a sewer
  5397 | Sewer    | Reached skill level 7 in Axes
  5723 | Sewer    | Found a white marble altar of Elyvilon.
  5814 | D:4      | Reached XP level 7. HP: 40/59 MP: 9/9
  6078 | D:4      | Reached skill level 8 in Axes
  6324 | D:5      | Noticed a vampire
  6368 | D:5      | Noticed a wraith
  6368 | D:5      | Slain by a vampire

Illustrated notes

Levels and vault maps discovered:
D:1:      elethiomel_arrival_fortress_basement, layout_rooms,
          hellmonk_ecumenical_altar_run_dry
D:2:      layout_basic, serial_curves, eino_curves_01, eino_curves_03,
          eino_curves_01, eino_curves_02
D:3:      layout_basic
D:4:      layout_rooms
D:5:      layout_loops_ring, mainiacjoe_overflow_paths,
          minmay_temple_entry_from_below_a, portal_sewer_entry_b,
          columned_hall_lemuel

Skill      XL: |  1  2  3  4  5  6  7 |
---------------+----------------------+-----
Axes           | 3 4 5 6 7 8 |  8.1
Fighting       | 3 4 |  4.0
Armour         | 2 4 |  4.5
Throwing       | |  0.8
Dodging        | |  1.5
Spellcasting   | |  1.5
Translocations | |  2.4

Action                   |  1- 3 |  4- 6 |  7- 9 || total
-------------------------+-------+-------+-------++-------
Melee: Hand axe          |   131 |   144 |    14 ||   289
       Punch             |     4 |     1 |       ||     5
 Fire: Hunting sling     |    20 |    88 |    14 ||   122
  Use: Scroll            |     1 |     5 |     1 ||     7
       Potion            |       |     1 |     2 ||     3
Armor: Leather armour    |    38 |    11 |       ||    49
       Scale mail        |       |    56 |    13 ||    69
Dodge: Dodged            |    86 |    78 |    17 ||   181
